 Dungeon Crawl Stone Soup version 0.20-a0-1062-g7b787ac (webtiles) character file.

739174 herpmino the Axe Maniac (level 27, -12/231 (235) HPs)
             Began as a Formicid Fighter on Apr 26, 2017.
             Was the Champion of Ru.
             Mangled by the Serpent of Hell (19 damage)
             ... on level 7 of Tartarus on Apr 27, 2017.
             The game lasted 03:34:09 (35003 turns).

herpmino the Axe Maniac (Formicid Fighter)         Turns: 35003, Time: 03:34:09

HP:   -12/231 (235) AC: 33    Str: 31 (32) XL:     27
MP:   0/28          EV: 26    Int: 13      God:    Ru [******]
Gold: 5490          SH: 26    Dex: 21      Spells: 11/38 levels left

rFire    + . .     SeeInvis +   w - +8 frozen axe "Frostbite" {freezing cloud, *Noise +Fly rC+}
rCold    + + .     Gourm    .   u - +2 large shield {rN+}
rNeg     + + +     Faith    .   P - +5 gold dragon scales
rPois    +         Spirit   +   (helmet unavailable)
rElec    .         Reflect  .   L - +2 cloak {MR+}
rCorr    .         Harm     .   n - +2 pair of gloves {Dex+3}
MR       +++..                  c - +2 pair of boots
Stlth    ..........             U - amulet of guardian spirit
Regen    0.9/turn               q - ring "Dorghyw" {rN++ Str+4 Int+2 Dex+3}
MPRegen  0.3/turn               W - +6 ring of evasion

@: lethally poisoned (-12 -> -12), exhausted, no potions, no scrolls
A: permanent stasis, dig shafts and tunnels, four strong arms, antennae 3,
deformed body, deterioration 2, low mp 1, regeneration 1, screaming 2, strong 1,
no potion heal 2, inability to drink while threatened, inability to read while
threatened, no stealth, hated by all, no conjurations magic, no fire magic, no
transmutations magic, disrupted magic 1
}: 6/15 runes: serpentine, barnacled, silver, golden, iron, abyssal
a: Dig, Shaft Self, Draw Out Power, Power Leap, Apocalypse, Renounce Religion,
Evoke Flight


You were on level 7 of Tartarus.
You worshipped Ru.
Ru was exalted by your worship.
You were hungry.

You visited 12 branches of the dungeon, and saw 57 of its levels.
You visited the Abyss 1 time.
You visited 2 ziggurats, and saw 18 of their levels (deepest: 10).
You also visited: Wizlab.

You collected 8125 gold pieces.
You spent 2635 gold pieces at shops.

Inventory:

Hand Weapons
 a - a +7 executioner's axe of flaming
 w - the +8 frozen axe "Frostbite" (weapon) {freezing cloud, *Noise +Fly rC+}
   (You took it off a vault guard on level 5 of the Vaults)

   It has been specially enchanted to freeze those struck by it, causing extra
   injury to most foes and up to half again as much damage against particularly
   susceptible opponents.
   It can also slow down cold-blooded creatures.
   It protects you from cold.
   It lets you fly.
   It may make noises in combat.
Missiles
 r - 8 throwing nets (quivered)
Armour
 c - a +2 pair of boots (worn)
 n - a +2 pair of gloves of dexterity (worn)
 u - a +2 large shield of positive energy (worn)
 L - a +2 cloak of magic resistance (worn)
 O - +0 shadow dragon scales
 P - +5 gold dragon scales (worn)
Jewellery
 q - the ring "Dorghyw" (left hand) {rN++ Str+4 Int+2 Dex+3}
   (You found it on level 5 of the Vaults)

   [ring of dexterity]

   It affects your strength (+4).
   It affects your intelligence (+2).
   It affects your dexterity (+3).
   It greatly protects you from negative energy.
 s - the ring "Alala" {+Blink rElec Int+2 Slay+2}
   (You found it on level 3 of the Tomb of the Ancients)

   [ring of slaying]

   It affects your intelligence (+2).
   It affects your accuracy and damage with ranged weapons and melee attacks
   (+2).
   It insulates you from electricity.
   It lets you blink.
 A - the ring "Koxeijun" {-Tele rC+ MR+ Dex+6}
   (You found it on level 4 of the Lair of Beasts)

   [ring of protection from cold]

   It affects your dexterity (+6).
   It protects you from cold.
   It affects your resistance to hostile enchantments.
   It prevents most forms of teleportation.
 E - the ring "Foirphul" {rElec rPois MP+9 Str-2 Dex+2, unknown}
   (You found it on level 7 of the Iron City of Dis)

   [ring of magical power]

   It affects your strength (-2).
   It affects your dexterity (+2).
   It insulates you from electricity.
   It protects you from poison.
   It affects your magic capacity (+9).
 U - an amulet of guardian spirit (around neck)
 W - a +6 ring of evasion (right hand)
 X - the ring "Dipriut" {Fire rN++ MR+ Dex-3}
   (You found it on level 3 of the Tomb of the Ancients)

   [ring of fire]

   It enhances your fire magic.
   It affects your dexterity (-3).
   It protects you from fire.
   It makes you vulnerable to cold.
   It greatly protects you from negative energy.
   It affects your resistance to hostile enchantments.
Wands
 i - a wand of paralysis (11/24)
 M - a wand of paralysis (10/24)
 Q - a wand of acid (10/15)
 R - a wand of acid (6/15)
 T - a wand of acid (10/15)
Scrolls
 e - 3 scrolls of torment
 g - 35 scrolls of remove curse
 j - 4 scrolls of magic mapping
 m - 11 scrolls of fog
 p - 6 scrolls of immolation
 y - 5 scrolls of recharging
 G - 2 scrolls of identify
 J - 5 scrolls of fear
Potions
 d - 5 potions of might
 k - a potion of invisibility
 l - 12 potions of curing
 o - 20 potions of mutation
 t - 4 potions of agility
 z - 5 potions of magic
 C - 3 potions of cancellation
 D - 3 potions of lignification
 I - 13 potions of heal wounds
 K - 4 potions of flight
 N - 4 potions of resistance
Miscellaneous
 h - a lamp of fire
 F - a fan of gales
 H - a lightning rod (3/4)
Comestibles
 b - a chunk of flesh
 f - 18 bread rations
 v - 25 royal jellies
 x - 27 fruits
 B - 16 meat rations


   Skills:
 - Level 23.3 Fighting
 O Level 27 Axes
 - Level 12.0 Throwing
 - Level 19.4 Armour
 - Level 18.2 Dodging
 - Level 18.2 Shields
 + Level 6.0 Spellcasting
 + Level 12.6 Charms
 + Level 11.5 Necromancy
 + Level 2.4 Translocations
 - Level 4.7 Evocations


You had 11 spell levels left.
You knew the following spells:

 Your Spells              Type           Power        Failure   Level  Hunger
a - Regeneration          Chrm/Necr      #####.....   6%          3    ###....
b - Passage of Golubria   Tloc           N/A          100%        4    ####...
c - Apportation           Tloc           ##....       61%         1    None
d - Silence               Hex/Air        #.........   100%        5    ######.
e - Tornado               Air            #.........   100%        9    #######
f - Lesser Beckoning      Tloc           ##........   92%         3    ###....
g - Swiftness             Chrm/Air       ###.....     26%         2    ##.....


Dungeon Overview and Level Annotations

Branches:
Dungeon (15/15)            Temple (0/1) D:6            Lair (6/6) D:8
 Shoals (4/4) Lair:2        Snake (4/4) Lair:3        Slime (0/5) Lair:6
    Orc (2/2) D:9             Elf (0/3) Orc:2        Vaults (5/5) D:14
  Crypt (3/3) Vaults:3       Tomb (3/3) Crypt:3      Depths (3/5) D:15
   Hell (1/1)                 Dis (7/7) Hell            Tar (2/7) Hell
    Geh: Hell:1         Coc: Hell:1

Altars:
Ashenzari
Cheibriados
Elyvilon
Gozag
Kikubaaqudgha
Makhleb
Nemelex Xobeh
Okawaru
Qazlal
Ru
Trog
Wu Jian
Xom
Zin
The Shining One

Shops:
D:4 }   D:6 !   Orc:2 [!}!   Shoals:2 *   Vaults:3 :   Vaults:5 !?

Portals:
Hell: Lair:6 Depths:2
Pandemonium: Orc:2
Trove: D:14 (give +4 shadow dragon scales)

Annotations:
D:3 anet's ghost, amateur DEWz
D:7 exclusion: downstairs
Tar:7 Serpent of Hell


Innate Abilities, Weirdness & Mutations

You cannot be hasted, slowed, berserked, paralysed or teleported.
You can dig through walls and to a lower floor.
Your four strong arms can wield two-handed weapons with a shield.
You have a pair of large antennae on your head. (SInv)
Potions are poor at restoring your health.
You cannot drink potions while threatened.
You cannot read scrolls while threatened.
You cannot be stealthy.
You are hated by all.
You cannot study or cast Conjurations magic.
You cannot study or cast Fire magic.
You cannot study or cast Transmutations magic.
Your casting is slightly disrupted.
Armour fits poorly on your strangely shaped body.
Your body often deteriorates upon taking damage.
Your magical capacity is low. (-10% MP)
Your natural rate of healing is unusually fast.
You sometimes yell uncontrollably at your foes.
Your muscles are strong. (Str +2)


Message History

You feel sick.
You redirect the flying skull's attack!
The flying skull completely misses the flying skull.
The Serpent of Hell completely misses you.
You block the Serpent of Hell's attack. x2
The Serpent of Hell completely misses you.
The Serpent of Hell tramples you but does no damage.
A shadow demon comes into view.
Unknown command.
Unknown command.
You slice the Serpent of Hell!! You freeze the Serpent of Hell.
The Serpent of Hell is severely wounded.
You slash the flying skull! You freeze the flying skull.
You destroy the flying skull!
You hit the flying skull but do no damage.
You are engulfed in dark miasma.
* * * LOW HITPOINT WARNING * * *
You feel sick. You block the flying skull's attack.
A reaper opens the door.
You block the Serpent of Hell's attack. x2; The Serpent of Hell bites you!!
You die...

........#{
..2.... #
......# ##.
.zz.. ## #...
22.. ...#
#....##z'##....#
#....§.Dz§.....#
#....§§@.§.....#
##...§§.......##
#...§.§......#
##..........##
+#...(....#+
##########


You could see the Serpent of Hell, a reaper, 2 shadow demons and 4 flying
skulls.

Vanquished Creatures
  Ereshkigal (Tar:7)
  Dispater (Dis:7)
  An orb of fire (Zig:9)
  The ghost of CypherZel the Skullcrusher, a legendary MiAK of the Shining One (Tomb:2)
  5 ancient liches
  The ghost of comborobin the Severer, a legendary GnWn of Cheibriados (Zig:4)
  29 greater mummies
  Bai Suzhen (Snake:4)
  A pandemonium lord (Zig:1)
  Vashnia (Snake:3)
  Nikola (Vaults:2)
  3 Killer Klowns (Zig:7)
  3 bone dragons
  3 golden dragons
  Geryon (Hell)
  A Hellbinder (WizLab)
  3 Brimstone Fiends (Dis:7)
  4 liches
  3 Tzitzimimeh (Tar:7)
  3 tentacled monstrosities
  5 Hell Sentinels (Dis:7)
  Jorgrun (Snake:4)
  3 Ice Fiends (Dis:7)
  Rupert (D:14)
  A hellephant (Abyss:5)
  A deep elf master archer (Depths:2)
  A quicksilver dragon (Dis:7)
  4 acid blobs
  2 titans (Vaults:5)
  2 Executioners
  3 shadow dragons
  22 ancient champions
  Gastronok (Lair:1)
  Kirke (D:13)
  10 sphinxes
  An eldritch tentacle (Zig:7)
  14 nagarajas
  3 storm dragons
  Donald (Snake:3)
  A shadow dragon (shapeshifter) (Zig:7)
  Ilsuiw (Shoals:4)
  9 revenants
  9 tengu reavers
  9 fire giants
  A fire giant (shapeshifter) (Zig:7)
  5 iron dragons
  Aizul (Snake:3)
  3 ghost moths
  A deep elf sorcerer (Vaults:1)
  7 frost giants
  Louise (Snake:4)
  5 balrugs
  2 curse skulls
  16 ironheart preservers
  17 vault wardens
  An iron dragon (shapeshifter) (Depths:2)
  An orc warlord (Zig:4)
  2 emperor scorpions (Zig:8)
  A juggernaut skeleton (Crypt:3)
  A deep elf elementalist (Vaults:5)
  An emperor scorpion (shapeshifter) (Depths:2)
  3 ghouls
  6 very ugly things
  The ghost of feelmyfire the Black Belt, a journeyman DgTm (Lair:6)
  17 war gargoyles
  A draconian annihilator (Depths:2)
  8 stone giants
  13 reapers
  2 spriggan defenders (Depths:3)
  An entropy weaver (Vaults:2)
  4 bennus
  Azrael (Orc:2)
  2 lorocyprocas (Hell)
  6 deep elf annihilators
  Nessos (Orc:2)
  4 vampire knights
  The ghost of kidcy the Fencer, a journeyman DsGl of Gozag (Orc:2)
  2 spark wasps (Depths:2)
  5 deep elf demonologists
  3 dire elephants (Lair:6)
  23 mummy priests
  Snorg (D:10)
  8 fire dragons
  12 eidola
  2 green deaths (WizLab)
  6 jiangshi
  6 merfolk javelineers
  A blizzard demon (WizLab)
  13 ettins
  Josephine (D:12)
  6 merfolk impalers
  6 deep elf death magi
  5 deep elf high priests
  11 yaktaur captains
  A fire dragon (shapeshifter) (Depths:2)
  7 ice dragons
  Harold (Lair:1)
  39 vault guards
  2 quicksilver dragon skeletons (Crypt:3)
  A spriggan air mage (Depths:3)
  7 rakshasas
  8 great orbs of eyes
  2 hell beasts (WizLab)
  19 naga warriors
  A juggernaut simulacrum (Depths:2)
  A catoblepas (shapeshifter) (Depths:2)
  9 centaur warriors
  3 hydras
  Erica (D:9)
  An alligator snapping turtle (Shoals:2)
  28 two-headed ogres
  3 merfolk avatars
  6 merfolk aquamancers
  13 anacondas
  8 ogre magi
  5 satyrs
  6 small abominations
  4 death knights
  7 hell hogs (Hell)
  55 death scarabs
  7 deep troll earth magi
  9 shock serpents
  11 orc high priests (Orc:2)
  11 dancing weapons
  16 death yaks
  4 vampire magi
  2 deep troll shamans
  A titan zombie (Dis:7)
  10 thrashing horrors (Abyss:5)
  19 naga sharpshooters
  Urug (Lair:4)
  Sonja (D:11)
  12 soul eaters
  7 deep elf knights
  A spriggan berserker (Depths:3)
  5 large abominations (Abyss:5)
  3 storm dragon zombies
  4 titan skeletons
  A wretched star (Abyss:5)
  Nergalle (D:12)
  2 sixfirhies
  4 iron golems (Hell)
  3 spatial maelstroms (Abyss:5)
  7 sun demons
  3 fire crabs (Zig:9)
  4 storm dragon skeletons
  68 skeletal warriors
  An unseen horror (shapeshifter) (Vaults:2)
  An anaconda zombie (Dis:7)
  A fire crab (shapeshifter) (Vaults:2)
  6 wizards
  3 salamander mystics
  2 death drakes (shapeshifter)
  A golden dragon zombie (Tomb:2)
  34 hell knights
  2 shadow demons (Tar:7)
  8 deep trolls
  4 naga ritualists
  3 glowing orange brains
  An unseen horror (D:8)
  23 sea snakes
  2 gelid demonspawn (Orc:2)
  A tengu zombie (Vaults:3)
  An infernal demonspawn (Orc:2)
  2 golden dragon skeletons (Crypt:3)
  5 flayed ghosts
  A shadow dragon zombie (Dis:7)
  8 deep elf archers
  A lindwurm (shapeshifter) (Vaults:5)
  An iron giant skeleton (Crypt:3)
  19 necromancers
  10 phantasmal warriors
  13 harpies
  2 anaconda skeletons
  20 ironbrand convokers
  2 orb spiders (Zig:8)
  Pikel (D:7)
  2 wolf spider zombies
  12 oklob plants
  A faun (shapeshifter) (Vaults:5)
  26 ugly things
  15 orc knights
  An iron dragon zombie (Dis:7)
  A shining eye (Zig:8)
  12 fauns
  6 mana vipers
  A salamander (shapeshifter) (Zig:2)
  9 orc sorcerers
  9 manticores
  13 salamanders
  A shadow dragon skeleton (Crypt:2)
  A fire giant zombie (Vaults:5)
  7 wolf spiders
  3 stone giant zombies (Dis:7)
  2 frost giant zombies
  3 iron dragon skeletons
  24 deep elf magi
  13 cyclopes
  19 elephants
  4 fire giant skeletons
  25 starcursed masses (Abyss:5)
  22 rust devils
  12 guardian serpents
  4 stone giant skeletons
  16 vault sentinels
  A guardian serpent (shapeshifter) (Depths:1)
  Maurice (D:11)
  The ghost of anet the Magician, a novice DEWz of Ashenzari (D:8)
  An apocalypse crab (Zig:7)
  2 frost giant skeletons
  4 smoke demons
  An alligator snapping turtle zombie (Crypt:1)
  12 merfolk sirens
  A shock serpent zombie (Tomb:3)
  6 water nymphs
  37 black mambas
  4 molten gargoyles (D:14)
  An eye of devastation (Zig:2)
  25 naga magi
  Psyche (D:9)
  8 spiny frogs
  A torpor snail (Lair:4)
  4 orange demons
  2 rime drakes
  4 hellions
  A dire elephant skeleton (Dis:7)
  2 kobold demonologists (WizLab)
  2 yaktaur zombies
  11 freezing wraiths
  A yaktaur (shapeshifter) (Vaults:4)
  17 yaktaurs
  A demonic crawler (Hell)
  13 komodo dragons
  2 anaconda simulacra
  5 efreet
  A purple draconian skeleton (Crypt:2)
  A pale draconian zombie (Crypt:1)
  11 tormentors
  12 ice devils
  An elf skeleton (Zig:7)
  2 ancient zymes (Abyss:5)
  51 guardian mummies
  An iron troll zombie (Crypt:2)
  3 spriggan skeletons
  A queen bee (D:9)
  3 red devils
  A catoblepas skeleton (Crypt:2)
  A merfolk (shapeshifter) (Vaults:5)
  A silent spectre (Zig:7)
  8 trolls
  A harpy zombie (Crypt:2)
  23 merfolk
  A queen bee (shapeshifter) (Depths:1)
  2 jumping spiders
  7 polar bears
  6 hornets
  A hornet (shapeshifter) (Vaults:4)
  4 hydra zombies
  A harpy skeleton (Crypt:3)
  5 wind drakes
  11 slime creatures
  6 snapping turtles
  4 dream sheep (Lair:4)
  A guardian serpent zombie (Crypt:3)
  3 frost giant simulacra
  8 blink frogs
  7 raiju
  Prince Ribbit (D:7)
  A bog body (Crypt:2)
  2 stone giant simulacra
  10 hippogriffs
  A fire dragon zombie (Dis:7)
  A centaur simulacrum (D:11)
  A redback (shapeshifter) (Vaults:5)
  2 fire dragon skeletons (Crypt:3)
  36 flying skulls
  6 water elementals
  2 tarantellas (shapeshifter)
  A guardian serpent skeleton (Crypt:1)
  16 wraiths
  4 shadows
  2 redbacks (Zig:8)
  43 yaks
  An elf zombie (Vaults:1)
  An ice dragon skeleton (Tomb:1)
  2 ynoxinuls (WizLab)
  A spriggan (Depths:3)
  15 wyverns
  2 basilisks (shapeshifter)
  20 ushabtiu
  5 hogs (D:13)
  A basilisk (Lair:1)
  2 golden eyes (Zig:8)
  19 humans (D:14)
  3 hungry ghosts
  A black mamba skeleton (Tomb:1)
  6 fire elementals
  2 chaos spawn (Abyss:5)
  2 neqoxecs (Abyss:5)
  A steam dragon (Zig:1)
  6 spatial vortices
  A redback simulacrum (D:15)
  5 wargs
  A human simulacrum (Vaults:3)
  2 water nymph zombies
  66 nagas
  13 water moccasins
  A soldier ant (D:11)
  2 swamp worms (shapeshifter)
  3 acid dragons
  6 porcupines
  A floating eye (Depths:3)
  Duvessa (D:7)
  18 hell hounds
  2 snapping turtle zombies
  50 orc warriors
  A hornet zombie (Crypt:3)
  4 necrophages
  4 ice beasts
  A slave (D:7)
  2 swamp dragon zombies (Dis:7)
  3 black bears (Lair:3)
  3 eyes of draining
  4 sky beasts
  5 phantoms
  6 wolves (Lair:6)
  34 ogres
  7 boggarts
  11 crocodiles
  21 centaurs
  A lindwurm skeleton (Crypt:2)
  3 human zombies
  A snapping turtle skeleton (Crypt:3)
  6 big kobolds
  19 bullfrogs
  A rime drake skeleton (Crypt:1)
  A fire crab zombie (Crypt:2)
  3 gnoll sergeants (D:9)
  A glowing shapeshifter simulacrum (Vaults:5)
  2 wyvern skeletons
  6 scorpions
  Dowan (D:7)
  19 killer bees
  A troll skeleton (Crypt:3)
  17 wights
  An electric eel (Lair:1)
  A quasit (D:8)
  3 crimson imps
  A jelly (D:9)
  A wyvern simulacrum (D:14)
  A bullfrog zombie (D:10)
  6 centaur zombies
  A hound (D:10)
  15 orc wizards
  24 orc priests
  2 centaur skeletons
  2 bullfrog skeletons
  6 iron imps (Dis:7)
  2 human skeletons
  4 worker ants
  2 iguanas
  A killer bee zombie (D:9)
  A felid zombie (Crypt:2)
  2 hound skeletons
  49 mummies
  A worker ant zombie (D:5)
  2 gnolls (D:9)
  A howler monkey skeleton (D:6)
  16 adders
  5 shadow imps
  An ooze (D:1)
  2 iguana zombies
  A lava snake zombie (Crypt:3)
  5 adder zombies
  6 worms
  A barachi zombie (Crypt:1)
  A dart slug (D:1)
  3 leopard geckos
  72 orcs
  5 giant cockroaches
  7 goblins
  A hobgoblin (shapeshifter) (Vaults:5)
  6 hobgoblins
  6 jackals
  13 kobolds
  3 quokkas
  6 bats
  2 frilled lizards (D:1)
  A frilled lizard skeleton (Crypt:1)
  A jackal skeleton (D:7)
  A jackal zombie (D:6)
  A kobold zombie (Crypt:3)
  A leopard gecko skeleton (Crypt:1)
  An orc zombie (Dis:7)
  4 rats
  A rat skeleton (Crypt:3)
  3 crawling corpses (Vaults:5)
  6 fungi
  A lurking horror (Abyss:5)
  17 plants
2588 creatures vanquished.

Vanquished Creatures (others)
  A lich (Crypt:3)
  A quicksilver dragon (Dis:7)
  A storm dragon (Depths:2)
  An ancient champion (Dis:7)
  A reaper (Zig:7)
  3 stone giants
  A deep elf annihilator (Depths:2)
  A hydra (Lair:1)
  An anaconda (Snake:4)
  A two-headed ogre (Vaults:1)
  A merfolk aquamancer (Shoals:1)
  A death scarab (Tomb:3)
  A dancing weapon (Dis:7)
  2 naga sharpshooters (Snake:4)
  A hell knight (Dis:7)
  A soul eater (WizLab)
  A flayed ghost (Vaults:3)
  A harpy (Shoals:4)
  A mana viper (Zig:6)
  An ironbrand convoker (Vaults:4)
  A cyclops (Vaults:1)
  A vault sentinel (Vaults:1)
  A rust devil (Hell)
  2 black mambas (Snake:1)
  A shock serpent zombie (Tomb:3)
  A guardian serpent (Snake:4)
  An orange demon (WizLab)
  A yaktaur (Depths:3)
  A guardian mummy (Tomb:3)
  A troll (D:15)
  A hornet (Zig:8)
  A wind drake (Shoals:4)
  5 dream sheep (Lair:5)
  A snapping turtle (Shoals:4)
  A tarantella (Zig:8)
  A water elemental (Shoals:4)
  8 flying skulls
  A hydra simulacrum (Hell)
  An ogre (Vaults:2)
  2 humans
  A necrophage (D:7)
  A boggart (D:15)
  An orc priest (Orc:2)
  3 orcs
  A kobold (D:11)
  18 fungi
  59 plants
140 creatures vanquished.

Grand Total: 2728 creatures vanquished

Notes
Turn   | Place    | Note
-------+----------+-------------------------------------------
     0 | D:1      | herpmino the Formicid Fighter began the quest for the Orb.
     0 | D:1      | Reached XP level 1. HP: 18/18 MP: 1/1
   147 | D:1      | Reached XP level 2. HP: 23/24 MP: 2/2
   412 | D:1      | Reached skill level 3 in Axes
   486 | D:1      | Reached XP level 3. HP: 28/29 MP: 3/3
   648 | D:2      | Found an ancient bone altar of Kikubaaqudgha.
   648 | D:2      | Noticed a human
   651 | D:2      | Killed a human
   657 | D:2      | Reached skill level 4 in Axes
   657 | D:2      | Reached XP level 4. HP: 16/35 MP: 4/4
  1012 | D:3      | Noticed anet's ghost (amateur DEWz)
  1173 | D:2      | Reached XP level 5. HP: 27/41 MP: 5/5
  1221 | D:2      | Reached skill level 5 in Axes
  1701 | D:3      | You fall through a shaft for 2 floors!
  1701 | D:5      | Entered Level 5 of the Dungeon
  1956 | D:4      | Found a glowing silver altar of Zin.
  1956 | D:4      | Found a shimmering altar of Xom.
  1956 | D:4      | Noticed an angel
  1967 | D:4      | Reached skill level 6 in Axes
  1967 | D:4      | Reached XP level 6. HP: 35/47 MP: 6/6
  2102 | D:4      | Found an ancient bone altar of Kikubaaqudgha.
  2102 | D:4      | Found a faded altar of an unknown god.
  2110 | D:4      | Found a faded altar of an unknown god.
  2112 | D:4      | Found an ornate altar of the Wu Jian Council.
  2113 | D:4      | Found an iron altar of Okawaru.
  2177 | D:5      | Noticed a necrophage
  2188 | D:5      | Killed a necrophage
  2188 | D:5      | Reached skill level 7 in Axes
  2188 | D:5      | Reached XP level 7. HP: 48/52 MP: 7/7
  2212 | D:5      | Found a sacrificial altar of Ru.
  2220 | D:5      | Became a worshipper of Ru the Awakened
  2301 | D:4      | Found a shattered altar of Ashenzari.
  2403 | D:4      | Found a glowing golden altar of the Shining One.
  2488 | D:4      | Found Bosto's Gadget Emporium.
  2524 | D:5      | Gained mutation: You passively map a small area around you. [mutagenic meat]
  2525 | D:5      | Gained mutation: Your natural rate of healing is unusually fast. [mutagenic meat]
  2526 | D:5      | Lost mutation: You passively map a small area around you. [mutagenic meat]
  2527 | D:5      | Gained mutation: Your muscles are strong. (Str +2) [mutagenic meat]
  2639 | D:5      | Reached skill level 8 in Axes
  2639 | D:5      | Reached XP level 8. HP: 55/58 MP: 8/8
  2649 | D:5      | Reached skill level 5 in Shields
  2741 | D:6      | Found a staircase to the Ecumenical Temple.
  2950 | D:5      | Gained mutation: You cannot drink potions while threatened. [Ru sacrifice]
  2950 | D:5      | Reached * piety under Ru
  2993 | D:6      | Reached skill level 9 in Axes
  3105 | D:6      | Found a white marble altar of Elyvilon.
  3193 | D:6      | Found an opulent altar of Gozag.
  3218 | D:6      | Reached XP level 9. HP: 55/66 MP: 9/9
  3289 | D:6      | Found Iroaweng's Distillery.
  3305 | D:6      | Bought a potion of lignification for 42 gold pieces
  3305 | D:6      | Bought a potion of heal wounds for 70 gold pieces
  3305 | D:6      | Bought a potion of curing for 42 gold pieces
  3346 | D:7      | Noticed Duvessa
  3346 | D:7      | Noticed Dowan
  3348 | D:7      | Killed Dowan
  3353 | D:7      | Killed Duvessa
  3409 | D:6      | Reached skill level 5 in Fighting
  3455 | D:7      | Reached skill level 10 in Axes
  3507 | D:8      | Found a staircase to the Lair.
  3507 | D:8      | Noticed a komodo dragon
  3676 | D:7      | Noticed Prince Ribbit
  3678 | D:7      | Killed Prince Ribbit
  3682 | D:7      | Noticed Pikel
  3697 | D:7      | Killed Pikel
  3865 | D:7      | Reached skill level 11 in Axes
  3865 | D:7      | Reached XP level 10. HP: 74/74 MP: 10/10
  3918 | D:8      | Found a sparkling altar of Nemelex Xobeh.
  4146 | D:7      | Found a burning altar of Makhleb.
  4412 | D:8      | Reached skill level 12 in Axes
  4480 | D:9      | Gained mutation: You cannot be stealthy. [Ru sacrifice]
  4480 | D:9      | Reached ** piety under Ru
  4483 | D:9      | Reached skill level 1 in Evocations
  4511 | D:9      | Noticed an unseen horror
  4512 | D:9      | Noticed Psyche
  4523 | D:8      | Killed an unseen horror
  4542 | D:8      | Noticed anet's ghost (novice DEWz)
  4544 | D:8      | You fall through a shaft!
  4563 | D:9      | Noticed a cyclops
  4598 | D:9      | Reached XP level 11. HP: 80/80 MP: 13/13
  4603 | D:9      | Killed a cyclops
  4642 | D:9      | Reached skill level 13 in Axes
  4650 | D:9      | Noticed Erica
  4663 | D:9      | Killed Erica
  4723 | D:10     | Entered Level 10 of the Dungeon
  4920 | D:9      | Killed Psyche
  5069 | D:9      | Found a staircase to the Orcish Mines.
  5186 | D:10     | Noticed Snorg
  5230 | D:9      | You fall through a shaft!
  5281 | D:11     | Noticed a manticore
  5294 | D:11     | Reached skill level 14 in Axes
  5301 | D:11     | Killed a manticore
  5427 | D:10     | You fall through a shaft for 2 floors!
  5427 | D:12     | Noticed Josephine
  5448 | D:12     | Killed Josephine
  5448 | D:12     | Reached XP level 12. HP: 91/91 MP: 15/15
  5498 | D:11     | Noticed Maurice
  5513 | D:11     | Killed Maurice
  5651 | D:11     | Noticed Sonja
  5656 | D:11     | Killed Sonja
  5673 | D:11     | Gained mutation: You cannot study or cast Fire magic. [Ru sacrifice]
  5673 | D:11     | Gained mutation: You cannot study or cast Transmutations magic. [Ru sacrifice]
  5673 | D:11     | Gained mutation: You cannot study or cast Conjurations magic. [Ru sacrifice]
  5673 | D:11     | Reached *** piety under Ru
  5681 | D:11     | Reached skill level 15 in Axes
  5821 | D:11     | Noticed a two-headed ogre
  5827 | D:11     | Killed a two-headed ogre
  5948 | D:12     | Noticed a two-headed ogre
  5952 | D:12     | Killed a two-headed ogre
  6005 | D:12     | Noticed Nergalle
  6021 | D:12     | Killed Nergalle
  6097 | D:13     | Noticed a two-headed ogre
  6102 | D:13     | Killed a two-headed ogre
  6102 | D:13     | Reached skill level 1 in Dodging
  6205 | D:12     | Reached XP level 13. HP: 101/101 MP: 16/16
  6226 | D:12     | Noticed a centaur warrior
  6233 | D:12     | Killed a centaur warrior
  6267 | D:12     | Reached skill level 5 in Armour
  6735 | D:10     | Killed Snorg
  6777 | D:10     | Reached skill level 10 in Shields
  6815 | D:10     | Gained mutation: You are hated by all. [Ru sacrifice]
  6815 | D:10     | Reached **** piety under Ru
  6861 | D:10     | Identified Yreygeikie's Volume of Combat Magic
  7090 | D:6      | Bought a potion of mutation for 112 gold pieces
  7093 | D:6      | You fall through a shaft for 3 floors!
  7167 | D:8      | Found a stormy altar of Qazlal.
  7280 | D:8      | Killed anet's ghost
  7330 | Lair:1   | Entered Level 1 of the Lair of Beasts
  7385 | Lair:1   | Noticed Gastronok
  7688 | Lair:1   | Noticed a four-headed hydra
  7690 | Lair:1   | Noticed Harold
  7700 | Lair:1   | Killed a four-headed hydra
  7713 | Lair:1   | Killed Harold
  8098 | Lair:2   | Found a stormy altar of Qazlal.
  8213 | Lair:2   | Found an ornate altar of the Wu Jian Council.
  8276 | Lair:2   | Found a staircase to the Shoals.
  8387 | Lair:4   | Noticed Urug
  8546 | Lair:3   | Reached XP level 14. HP: 108/108 MP: 17/17
  8604 | Lair:3   | Found a staircase to the Snake Pit.
  8809 | Lair:4   | Killed Urug
  8912 | Lair:3   | You fall through a shaft!
  8914 | Lair:4   | Got a steaming amber ring
  8916 | Lair:4   | Identified the ring "Koxeijun" {-Tele rC+ MR+ Dex+6} (You found it on level 4 of the Lair of Beasts)
  8964 | Lair:4   | Reached skill level 10 in Armour
  9604 | Lair:6   | Entered Level 6 of the Lair of Beasts
  9695 | Lair:5   | Found a shimmering altar of Xom.
  9869 | Lair:6   | Reached XP level 15. HP: 90/114 MP: 14/18
 10238 | Lair:5   | You fall through a shaft!
 10257 | Lair:6   | Found a staircase to the Slime Pits.
 10419 | Lair:6   | Reached skill level 15 in Shields
 10455 | Lair:6   | Gained mutation: You cannot read scrolls while threatened. [Ru sacrifice]
 10455 | Lair:6   | Reached ***** piety under Ru
 10528 | Lair:6   | Noticed feelmyfire's ghost (journeyman DgTm)
 10557 | Lair:6   | Killed feelmyfire's ghost
 10946 | Lair:6   | Found a burning altar of Makhleb.
 10950 | Lair:6   | Reached skill level 16 in Axes
 10954 | Lair:6   | Found a gateway to Hell.
 11067 | Lair:6   | Reached skill level 10 in Fighting
 11119 | Lair:6   | Upgraded the game from 0.20-a0-1050-g57248f3 to 0.20-a0-1058-g0491fde
 11266 | Lair:1   | Killed Gastronok
 11324 | Orc:1    | Entered Level 1 of the Orcish Mines
 11522 | Orc:2    | Entered Level 2 of the Orcish Mines
 11892 | Orc:2    | Found a staircase to the Elven Halls.
 11934 | Orc:2    | Reached XP level 16. HP: 73/123 MP: 15/19
 11954 | Orc:2    | Noticed kidcy's ghost (journeyman DsGl)
 12000 | Orc:2    | Killed kidcy's ghost
 12071 | Orc:2    | Noticed Azrael
 12111 | Orc:2    | Killed Azrael
 12202 | Orc:2    | Reached skill level 5 in Dodging
 12337 | Orc:2    | Found Disilo's Distillery.
 12338 | Orc:2    | Found Ginnausk's Distillery.
 12541 | Orc:2    | Noticed Nessos
 12549 | Orc:2    | Killed Nessos
 12624 | Orc:2    | Reached skill level 17 in Axes
 12728 | Orc:2    | Upgraded the game from 0.20-a0-1058-g0491fde to 0.20-a0-1062-g7b787ac
 13000 | Orc:2    | Found Upti's Antique Armour Shop.
 13000 | Orc:2    | Found Etepn's Gadget Boutique.
 13000 | Orc:2    | Found a one-way gate leading to the halls of Pandemonium.
 13018 | Orc:2    | Bought a runed chain mail for 187 gold pieces
 13070 | Orc:2    | Bought a potion of might for 56 gold pieces
 13070 | Orc:2    | Bought a potion of invisibility for 112 gold pieces
 13070 | Orc:2    | Bought a potion of cancellation for 112 gold pieces
 13070 | Orc:2    | Bought a potion of heal wounds for 70 gold pieces
 13070 | Orc:2    | Bought a potion of mutation for 112 gold pieces
 13072 | Orc:2    | Bought a potion of mutation for 120 gold pieces
 13072 | Orc:2    | Bought a potion of heal wounds for 75 gold pieces
 13072 | Orc:2    | Bought a potion of curing for 45 gold pieces
 13072 | Orc:2    | Bought a potion of heal wounds for 75 gold pieces
 13072 | Orc:2    | Bought a potion of curing for 45 gold pieces
 13072 | Orc:2    | Bought a potion of might for 60 gold pieces
 13072 | Orc:2    | Bought a potion of cancellation for 120 gold pieces
 13119 | D:9      | You fall through a shaft for 2 floors!
 13122 | D:11     | You fall through a shaft for 3 floors!
 13149 | D:15     | Entered Level 15 of the Dungeon
 13213 | D:14     | Found a gate to the Vaults.
 13447 | D:14     | Found a portal to a secret trove of treasure.
 13877 | D:14     | Noticed Rupert
 13887 | D:14     | Killed Rupert
 13887 | D:14     | Reached XP level 17. HP: 123/133 MP: 17/20
 13979 | D:14     | You fall through a shaft!
 14130 | D:15     | Found a bloodstained altar of Trog.
 14323 | D:15     | Reached skill level 18 in Axes
 14329 | D:15     | Found a staircase to the Depths.
 14470 | D:13     | Noticed Kirke
 14479 | D:13     | Killed Kirke
 14601 | D:13     | Found a white marble altar of Elyvilon.
 14788 | Lair:1   | You fall through a shaft!
 14791 | Lair:2   | You fall through a shaft!
 14794 | Lair:3   | You fall through a shaft for 2 floors!
 15020 | Shoals:1 | Entered Level 1 of the Shoals
 15182 | Shoals:2 | Found Cyichetz's General Store.
 15209 | Shoals:2 | Bought a potion of might for 48 gold pieces
 15611 | Shoals:4 | Entered Level 4 of the Shoals
 16061 | Shoals:4 | Reached skill level 19 in Axes
 16202 | Shoals:4 | Reached XP level 18. HP: 85/142 MP: 19/21
 16331 | Shoals:4 | Noticed Ilsuiw
 16411 | Shoals:4 | Killed Ilsuiw
 16865 | Shoals:4 | Got a barnacled rune of Zot
 17266 | Lair:2   | Identified 3 scrolls of acquirement
 17273 | Lair:2   | Got a jewelled crystal plate armour
 17284 | Lair:2   | Identified the +0 crystal plate armour of Hedge Wizardry {rF+ Str+5 Int-2} (You acquired it on level 2 of the Lair of Beasts)
 17364 | Snake:1  | Entered Level 1 of the Snake Pit
 17606 | Snake:1  | Reached skill level 20 in Axes
 17825 | Snake:3  | Noticed Donald
 17840 | Snake:3  | Killed Donald
 17890 | Snake:4  | Entered Level 4 of the Snake Pit
 17890 | Snake:4  | Noticed Bai Suzhen
 17898 | Snake:4  | Killed Bai Suzhen
 17917 | Snake:4  | Noticed Jorgrun
 17929 | Snake:4  | Killed Jorgrun
 17939 | Snake:4  | Reached XP level 19. HP: 120/149 MP: 22/22
 18020 | Snake:3  | Noticed Vashnia
 18037 | Snake:3  | Killed Vashnia
 18037 | Snake:3  | Reached skill level 21 in Axes
 18343 | Snake:3  | Noticed Aizul
 18358 | Snake:3  | Killed Aizul
 18468 | Snake:3  | You fall through a shaft!
 18693 | Snake:4  | Reached skill level 22 in Axes
 18825 | Snake:4  | Reached XP level 20. HP: 66/156 MP: 15/23
 18875 | Snake:4  | Noticed Louise
 18891 | Snake:4  | Killed Louise
 18966 | Snake:4  | Got a serpentine rune of Zot
 19110 | Snake:2  | Gained mutation: Your casting is slightly disrupted. [Ru sacrifice]
 19382 | Snake:2  | Reached skill level 23 in Axes
 19891 | D:9      | You fall through a shaft for 2 floors!
 19894 | D:11     | You fall through a shaft!
 19897 | D:12     | You fall through a shaft for 2 floors!
 19910 | D:14     | You fall through a shaft!
 19939 | Depths:1 | Entered Level 1 of the Depths
 20115 | Depths:1 | Noticed a lich
 20128 | Depths:1 | Killed a lich
 20129 | Depths:1 | Gained mutation: Potions are less effective at restoring your health. [Ru sacrifice]
 20129 | Depths:1 | Reached ****** piety under Ru
 20202 | Depths:1 | Found a snail-covered altar of Cheibriados.
 20548 | Depths:1 | Noticed a golden dragon
 20565 | Depths:1 | Killed a golden dragon
 20627 | Depths:2 | Noticed an ancient lich
 20633 | Depths:2 | Reached skill level 24 in Axes
 20646 | Depths:2 | Killed an ancient lich
 20646 | Depths:2 | Reached XP level 21. HP: 117/162 MP: 19/24
 20938 | Depths:2 | Reached skill level 25 in Axes
 21094 | Depths:2 | Found a gateway to a ziggurat.
 21329 | Depths:2 | Noticed a golden dragon
 21339 | Depths:2 | Killed a golden dragon
 21542 | Zig:1    | Entered Level 1 of a ziggurat
 21542 | Zig:1    | Noticed Pieroav the pandemonium lord
 21570 | Zig:1    | Killed Pieroav the pandemonium lord
 21660 | Zig:2    | Entered Level 2 of a ziggurat
 21681 | Zig:3    | Entered Level 3 of a ziggurat
 21695 | Zig:3    | Reached XP level 22. HP: 150/169 MP: 22/25
 21713 | Zig:4    | Entered Level 4 of a ziggurat
 21745 | Zig:5    | Entered Level 5 of a ziggurat
 21877 | Zig:6    | Entered Level 6 of a ziggurat
 21898 | Zig:6    | Reached skill level 26 in Axes
 21919 | Zig:6    | Identified the Reference Book on the Nocuous Birds
 21930 | Zig:6    | Learned a level 2 spell: Swiftness
 21935 | Zig:6    | Learned a level 4 spell: Passage of Golubria
 21968 | Zig:7    | Entered Level 7 of a ziggurat
 22014 | Zig:7    | Identified the +1 plate armour "Izal" {+Fly rF+ rC+++ MR-} (You found it on level 7 of a ziggurat)
 22022 | Zig:8    | Entered Level 8 of a ziggurat
 22273 | Vaults:1 | Entered Level 1 of the Vaults
 22807 | Vaults:2 | Reached skill level 27 in Axes
 22831 | Vaults:3 | Found Heyrot's Book Shoppe.
 23067 | Vaults:1 | Reached XP level 23. HP: 177/177 MP: 26/26
 23547 | Vaults:2 | Got a dazzling chain mail
 24244 | Vaults:2 | Noticed Nikola
 24257 | Vaults:2 | Killed Nikola
 24502 | Vaults:3 | Reached skill level 15 in Fighting
 24502 | Vaults:3 | Reached skill level 15 in Armour
 24722 | Vaults:3 | Found a staircase to the Crypt.
 24897 | Vaults:4 | Reached XP level 24. HP: 179/186 MP: 25/26
 25338 | Vaults:3 | You fall through a shaft!
 25985 | Vaults:4 | You fall through a shaft!
 25985 | Vaults:5 | Entered Level 5 of the Vaults
 26214 | Vaults:5 | Reached skill level 10 in Dodging
 26236 | Vaults:5 | Identified the +7 chain mail of Shielding {MR+} (You found it on level 2 of the Vaults)
 26275 | Vaults:5 | Got a smoking brass amulet
 26278 | Vaults:5 | Got a vibrating copper amulet
 26292 | Vaults:5 | Identified the Catalogue of Creative Intoxication
 26303 | Vaults:5 | Identified the amulet of Kairavam {Reflect rC- MR- Str+9 SH+5 SInv} (You found it on level 5 of the Vaults)
 26304 | Vaults:5 | Identified the amulet "Hupoffox" {+Rage rPois MR+} (You found it on level 5 of the Vaults)
 26378 | Vaults:5 | Got a shimmering turquoise ring
 26379 | Vaults:5 | Identified the ring "Dorghyw" {rN++ Str+4 Int+2 Dex+3} (You found it on level 5 of the Vaults)
 26412 | Vaults:5 | Noticed an ancient lich
 26439 | Vaults:5 | Killed an ancient lich
 26441 | Vaults:5 | Reached XP level 25. HP: 152/196 MP: 26/26
 27001 | Vaults:5 | Found Hiokkuv's Distillery.
 27009 | Vaults:5 | Bought a potion of resistance for 180 gold pieces
 27009 | Vaults:5 | Bought a potion of curing for 54 gold pieces
 27009 | Vaults:5 | Bought 2 potions of flight for 108 gold pieces
 27009 | Vaults:5 | Bought a potion of flight for 54 gold pieces
 27009 | Vaults:5 | Bought a potion of mutation for 144 gold pieces
 27009 | Vaults:5 | Bought a potion of heal wounds for 90 gold pieces
 27009 | Vaults:5 | Bought a potion of curing for 54 gold pieces
 27009 | Vaults:5 | Bought a potion of might for 72 gold pieces
 27009 | Vaults:5 | Bought a potion of curing for 54 gold pieces
 27026 | Vaults:5 | Found Sogenoti's Distillery.
 27040 | Vaults:5 | Found Niyfrouz's Magic Scroll Shoppe.
 27047 | Vaults:5 | Bought a scroll of enchant armour for 105 gold pieces
 27047 | Vaults:5 | Bought 3 scrolls of identify for 84 gold pieces
 27047 | Vaults:5 | Bought a scroll of identify for 28 gold pieces
 27047 | Vaults:5 | Bought a scroll of fog for 28 gold pieces
 27047 | Vaults:5 | Bought a scroll of magic mapping for 49 gold pieces
 27047 | Vaults:5 | Bought a scroll of identify for 28 gold pieces
 27215 | Vaults:5 | Got a silver rune of Zot
 27454 | Crypt:1  | Entered Level 1 of the Crypt
 27487 | Crypt:1  | Found a magical portal.
 27536 | WizLab   | Entered The Hall of the Hellbinder
 27712 | WizLab   | Found a burning altar of Makhleb.
 27748 | WizLab   | Identified Mnoleg's Catalogue of the Vulture
 27777 | WizLab   | Identified the Grimoire of Companions
 27844 | WizLab   | Reached XP level 26. HP: 187/208 MP: 22/26
 28386 | Crypt:1  | You fall through a shaft!
 28481 | Crypt:3  | Entered Level 3 of the Crypt
 28766 | Crypt:2  | You fall through a shaft!
 28768 | Crypt:3  | Noticed an ancient lich
 28780 | Crypt:3  | Killed an ancient lich
 28977 | Crypt:3  | Found a staircase to the Tomb.
 29226 | Crypt:3  | Found an ancient bone altar of Kikubaaqudgha.
 29566 | Crypt:3  | Reached XP level 27. HP: 219/219 MP: 26/26
 29667 | Crypt:3  | Noticed an ancient lich
 29694 | Crypt:3  | Killed an ancient lich
 29731 | Crypt:3  | Identified the +0 ice dragon scales "Meuwob" {rF- rC++ MR++ Dex+7 Stlth-} (You found it on level 3 of the Crypt)
 29826 | Tomb:1   | Entered Level 1 of the Tomb of the Ancients
 29931 | Tomb:1   | Reached skill level 1 in Throwing
 30351 | Tomb:2   | Noticed a greater mummy
 30361 | Tomb:2   | Noticed a greater mummy
 30361 | Tomb:2   | Noticed a greater mummy
 30362 | Tomb:2   | Killed a greater mummy
 30369 | Tomb:2   | Noticed a greater mummy
 30384 | Tomb:2   | Killed a greater mummy
 30384 | Tomb:2   | Reached skill level 5 in Throwing
 30393 | Tomb:2   | Killed a greater mummy
 30398 | Tomb:2   | Noticed CypherZel's ghost (legendary MiAK)
 30412 | Tomb:2   | Killed a greater mummy
 30486 | Tomb:2   | Killed CypherZel's ghost
 30492 | Tomb:2   | Reached skill level 15 in Dodging
 30778 | Tomb:1   | Noticed a greater mummy
 30778 | Tomb:1   | Noticed a greater mummy
 30779 | Tomb:1   | Noticed a greater mummy
 30787 | Tomb:1   | Killed a greater mummy
 30788 | Tomb:1   | Noticed a greater mummy
 30788 | Tomb:1   | Killed a greater mummy
 30792 | Tomb:1   | Killed a greater mummy
 30802 | Tomb:1   | Killed a greater mummy
 30828 | Tomb:1   | Noticed a greater mummy
 30829 | Tomb:1   | Noticed a greater mummy
 30836 | Tomb:1   | Noticed a greater mummy
 30836 | Tomb:1   | Noticed a greater mummy
 30838 | Tomb:1   | Killed a greater mummy
 30840 | Tomb:1   | Killed a greater mummy
 30867 | Tomb:1   | Killed a greater mummy
 30881 | Tomb:1   | Killed a greater mummy
 30964 | Tomb:1   | Noticed a greater mummy
 30984 | Tomb:1   | Killed a greater mummy
 31026 | Tomb:1   | Noticed a greater mummy
 31027 | Tomb:1   | Noticed a greater mummy
 31041 | Tomb:1   | Killed a greater mummy
 31047 | Tomb:1   | Killed a greater mummy
 31062 | Tomb:1   | Noticed a greater mummy
 31083 | Tomb:1   | Noticed a greater mummy
 31091 | Tomb:1   | Killed a greater mummy
 31101 | Tomb:1   | Killed a greater mummy
 31109 | Tomb:1   | Noticed a greater mummy
 31133 | Tomb:1   | Killed a greater mummy
 31160 | Tomb:1   | Noticed a greater mummy
 31206 | Tomb:1   | Killed a greater mummy
 31237 | Tomb:1   | Noticed a greater mummy
 31239 | Tomb:1   | Noticed a greater mummy
 31245 | Tomb:1   | Killed a greater mummy
 31249 | Tomb:1   | Killed a greater mummy
 31405 | Tomb:2   | Learned a level 1 spell: Apportation
 31471 | Tomb:3   | Entered Level 3 of the Tomb of the Ancients
 31536 | Tomb:3   | Reached skill level 10 in Throwing
 31546 | Tomb:3   | Noticed an ancient lich
 31556 | Tomb:3   | Noticed a greater mummy
 31559 | Tomb:3   | Killed an ancient lich
 31570 | Tomb:3   | Noticed a greater mummy
 31570 | Tomb:3   | Noticed a greater mummy
 31570 | Tomb:3   | Noticed a greater mummy
 31655 | Tomb:3   | Noticed a greater mummy
 31655 | Tomb:3   | Killed a greater mummy
 31657 | Tomb:3   | Killed a greater mummy
 31658 | Tomb:3   | Killed a greater mummy
 31660 | Tomb:3   | Noticed a greater mummy
 31663 | Tomb:3   | Noticed a greater mummy
 31665 | Tomb:3   | Killed a greater mummy
 31745 | Tomb:3   | Killed a greater mummy
 31747 | Tomb:3   | Killed a greater mummy
 31754 | Tomb:3   | Killed a greater mummy
 31764 | Tomb:3   | Noticed a greater mummy
 31774 | Tomb:3   | Killed a greater mummy
 31927 | Tomb:3   | Identified Alaeto's Guide on Dislocation and Weightlessness
 32001 | Tomb:3   | Identified the Grimoire of the Fisher
 32021 | Tomb:3   | Got a translucent wooden ring
 32039 | Tomb:3   | Identified the Disquisition on the Birds and the Frostbite
 32058 | Tomb:3   | Got a pitted golden ring
 32063 | Tomb:3   | Identified Alirhad's Almanac of Dusty Arcane Weapons
 32077 | Tomb:3   | Learned a level 5 spell: Silence
 32111 | Tomb:3   | Got a brightly glowing glass ring
 32139 | Tomb:3   | Learned a level 9 spell: Tornado
 32144 | Tomb:3   | Identified the +2 plate armour of Wariness {Str+6} (You found it on level 3 of the Tomb of the Ancients)
 32150 | Tomb:3   | Identified the +1 scale mail of the Onion {+Fly Regen+ MP+9 Dex-5} (You found it on level 3 of the Tomb of the Ancients)
 32153 | Tomb:3   | Identified the ring "Alala" {+Blink rElec Int+2 Slay+2} (You found it on level 3 of the Tomb of the Ancients)
 32154 | Tomb:3   | Identified the ring "Wuemaf" {+Inv rN+} (You found it on level 3 of the Tomb of the Ancients)
 32155 | Tomb:3   | Identified the ring "Dipriut" {Fire rN++ MR+ Dex-3} (You found it on level 3 of the Tomb of the Ancients)
 32234 | Tomb:3   | Got a golden rune of Zot
 32723 | D:14     | You fall through a shaft!
 32757 | Zig:1    | Entered Level 1 of a ziggurat
 32774 | Zig:2    | Entered Level 2 of a ziggurat
 32794 | Zig:3    | Entered Level 3 of a ziggurat
 32810 | Zig:3    | Got a glittering tin ring
 32858 | Zig:4    | Entered Level 4 of a ziggurat
 32859 | Zig:4    | Noticed comborobin's ghost (legendary GnWn)
 32906 | Zig:4    | Killed comborobin's ghost
 32931 | Zig:4    | Got a coiled bronze ring
 32943 | Zig:5    | Entered Level 5 of a ziggurat
 32996 | Zig:6    | Entered Level 6 of a ziggurat
 33026 | Zig:6    | Learned a level 3 spell: Lesser Beckoning
 33048 | Zig:7    | Entered Level 7 of a ziggurat
 33126 | Zig:8    | Entered Level 8 of a ziggurat
 33195 | Zig:9    | Entered Level 9 of a ziggurat
 33203 | Zig:9    | Noticed an orb of fire
 33205 | Zig:9    | Gained mutation: Your body sometimes deteriorates upon taking damage. [an orb of fire]
 33217 | Zig:9    | Gained mutation: Armour fits poorly on your strangely shaped body. [an orb of fire]
 33222 | Zig:9    | Killed an orb of fire
 33232 | Zig:9    | Got a ring of the Octopus King
 33242 | Zig:9    | Identified the Disquisition on the Lucky Blaze
 33256 | Zig:9    | Identified the ring "Xonicsiv" {rCorr Int+4} (You found it on level 4 of a ziggurat)
 33258 | Zig:9    | Identified a ring of the Octopus King {MP+9 AC+1 EV+1 Str+1 Int+1 Dex+1} (You found it on level 9 of a ziggurat)
 33260 | Zig:9    | Identified the ring of Tulips {rC+ MR+ Int-5 Dex+4} (You found it on level 3 of a ziggurat)
 33270 | Zig:10   | Entered Level 10 of a ziggurat
 33317 | Zig:10   | Got a translucent iron ring
 33324 | Zig:10   | Identified the Compendium of the Blaze and Intoxication
 33338 | D:15     | Identified the ring of Cuuwu Vipt {Int+7 SInv} (You found it on level 10 of a ziggurat)
 33357 | Depths:1 | You fall through a shaft!
 33421 | Depths:2 | Gained mutation: You occasionally shout uncontrollably at your foes. [mutagenic glow]
 33432 | Depths:2 | Cast into level 5 of the Abyss (a distortion unwield)
 33432 | Abyss:5  | Entered Level 5 of the Abyss
 33447 | Abyss:5  | Gained mutation: You sometimes yell uncontrollably at your foes. [mutagenic glow]
 33456 | Abyss:5  | Reached skill level 1 in Spellcasting
 33474 | Abyss:5  | Reached skill level 1 in Charms
 33516 | Abyss:5  | Gained mutation: Your body often deteriorates upon taking damage. [mutagenic glow]
 33549 | Abyss:5  | Gained mutation: Your magical capacity is low. (-10% MP) [mutagenic glow]
 33604 | Abyss:5  | Gained mutation: Potions are poor at restoring your health. [mutagenic glow]
 33665 | Abyss:5  | Found a corrupted altar of Lugonu.
 33689 | Abyss:5  | Got an abyssal rune of Zot
 33719 | Abyss:5  | Reached skill level 5 in Spellcasting
 33719 | Abyss:5  | Reached skill level 5 in Charms
 33734 | Depths:2 | Escaped the Abyss
 33753 | Depths:2 | Learned a level 3 spell: Regeneration
 33758 | Hell     | Entered the Vestibule of Hell
 33758 | Hell     | Noticed Geryon
 33778 | Hell     | Killed Geryon
 33778 | Hell     | Reached skill level 1 in Necromancy
 33856 | Hell     | Found a gateway to the Iron City of Dis.
 33876 | Hell     | Reached skill level 5 in Necromancy
 33885 | Dis:1    | Entered Level 1 of the Iron City of Dis
 33889 | Dis:1    | You fall through a shaft!
 33893 | Dis:2    | You fall through a shaft!
 33896 | Dis:3    | You fall through a shaft for 3 floors!
 33899 | Dis:6    | You fall through a shaft!
 33899 | Dis:7    | Entered Level 7 of the Iron City of Dis
 34118 | Dis:7    | Got a heavily runed silver ring
 34133 | Dis:7    | Identified the ring of Lutef {rPois Str+3 Dex+4} (You found it on level 7 of the Iron City of Dis)
 34226 | Dis:7    | Reached skill level 10 in Charms
 34521 | Dis:7    | Reached skill level 10 in Necromancy
 34644 | Dis:7    | Noticed Dispater
 34686 | Dis:7    | Killed Dispater
 34721 | Dis:7    | Got a serpentine amber ring
 34725 | Dis:7    | Got an iron rune of Zot
 34941 | Hell     | Found a gateway to the decaying netherworld of Tartarus.
 34956 | Tar:1    | Entered Level 1 of Tartarus
 34960 | Tar:1    | You fall through a shaft!
 34963 | Tar:2    | You fall through a shaft for 2 floors!
 34966 | Tar:4    | You fall through a shaft!
 34969 | Tar:5    | You fall through a shaft!
 34973 | Tar:6    | You fall through a shaft!
 34973 | Tar:7    | Entered Level 7 of Tartarus
 34973 | Tar:7    | Noticed Ereshkigal
 34983 | Tar:7    | Noticed the Serpent of Hell
 34991 | Tar:7    | Reached skill level 1 in Translocations
 34999 | Tar:7    | Killed Ereshkigal
 35003 | Tar:7    | HP: 8/231 [the Serpent of Hell] (4)]
 35003 | Tar:7    | Mangled by the Serpent of Hell

Vault maps used:
D:1:      dpeg_arrival_connections, minmay_tromino_v2
D:2:      serial_forest, infiniplex_forest_straight_2,
          infiniplex_forest_clump_diagonal, infiniplex_forest_straight_2,
          infiniplex_forest_lined_room_3, infiniplex_forest_zigzag_1,
          infiniplex_forest_lined_4_way, infiniplex_forest_lined_2,
          tgw_kikubaaqudgha
D:3:      first_bread
D:4:      grunt_temple_overflow_order_and_chaos_1,
          chequers_temple_overflow_minitemple, old_standard_altar, serial_shops,
          shop_statue, nicolae_tso_swordbearing_angel
D:5:      nicolae_ru_sacrificial_ziggurat
D:6:      nicolae_overflow_crystal_walls,
          nicolae_gozag_cash_rules_everything_around_me,
          minmay_temple_entry_glass, serial_shops, nicolae_shop_stone,
          st_stairs_8
D:7:      lemuel_doored_altar, corexii_hall_statues_i, uniq_duvessa, uniq_pikel,
          uniq_prince_ribbit1
D:8:      lemuel_round_altar, david_lair_shrubbed, grunt_qazlal_clouds
D:9:      kennysheep_orc_monster_closet_entryway, david_nohive_1, uniq_erica,
          uniq_psyche
D:10:     uniq_snorg
D:11:     uniq_maurice, uniq_sonja
D:12:     uniq_nergalle, uniq_josephine
D:13:     basic_altar, uniq_kirke
D:14:     cheibrodos_statue_roulette, grunt_vaults_entry_tiered,
          nicolae_trove_entry_diagonal, uniq_rupert
D:15:     grunt_enter_depths_magical_seal, basic_altar,
          minmay_misc_feat_pillars, corexii_leaking_fountain,
          lemuel_flamethrower_3
Lair:1:   grunt_megastairs_5, lemuel_fruit_tree, serial_bayou_shore_a,
          uniq_gastronok, uniq_harold
Lair:2:   minmay_shoals_entry_lonely_mermaid, basic_altar, lemuel_oklob_altar
Lair:3:   beast_lair_carwin_large_2, guppyfry_snake_entry_island
Lair:4:   beast_lair_carwin_7, minmay_lair_oklob_chamber, uniq_urug
Lair:5:   kb_xom_exploding_sheep, lemuel_fruit_fields,
          infiniplex_staircase_pool_2
Lair:6:   evil_forest, dpeg_slime_entry_corner
Shoals:2: serial_shops, nicolae_shop_behind_doors
Shoals:4: shoals_end_grunt_garden, shoals_ilsuiw_ice
Snake:1:  nicolae_snake_single_loop
Snake:3:  spider_trap, uniq_donald, uniq_aizul, uniq_vashnia
Snake:4:  grunt_snake_rune_pools, fake_guardian_serpent_vault, uniq_jorgrun,
          uniq_bai_suzhen, uniq_louise
Orc:2:    pf_orc_diabolical, uniq_nessos, uniq_azrael
Vaults:1: st_smaller_cells, vaults_dpeg_encased_lava, nicolae_vaults_theta,
          vaults_room_semicircle, v_rooms_4, vaults_dpeg_spiral, v_rooms_5,
          ontoclasm_vaults_tryst, vaults_room_corners,
          hangedman_vaults_corner_blocks, v_misc_29, dpeg_vaults_monster_box
Vaults:2: vaults_dpeg_diagonal, v_misc_12, v_misc_17,
          nicolae_vaults_specimen_jars, vaults_mumra_hex,
          dpeg_vaults_monster_row, hangedman_vaults_nodes, v_misc_30,
          nicolae_vaults_three_branches, v_alt_pattern_1, vaults_dpeg_ring,
          nicolae_vaults_theta, vaults_dpeg_hooks, grunt_vaults_focal,
          uniq_nikola
Vaults:3: grunt_vaults_trifunnel, nicolae_vaults_mini_display_case,
          ontoclasm_vaults_ring_square, vaults_room_glass_cross,
          vaults_room_hallway, grunt_vaults_hallway_short, serial_shops, shop
Vaults:4: hangedman_vaults_corner_blocks, vaults_room_fours, v_misc_30,
          v_misc_16, v_misc_16, grunt_vaults_funnel, vaults_room_pools,
          v_misc_28, serial_ice_g, nicolae_vaults_little_squares_5, v_misc_28,
          ontoclasm_vaults_misaligned, vaults_room_pools, serial_shops, shop
Vaults:5: serial_shops
Crypt:1:  infiniplex_enter_wizlab_glasses
Crypt:2:  st_stairs_6, serial_sigils_hangedman_writhe, grunt_megastairs_1
Crypt:3:  church_of_pain_bobbens, glass_columns_c
Depths:1: pf_coc_iceberg, kennysheep_cluttered_room, cheibriados_altar_1
Depths:2: hangedman_crystal_crosses_colossus, hell_entry
Depths:3: minmay_big_diamond_grid, serial_bayou, hangedman_decor_diamond_cutter,
          rand_demon_pan_entry_7, hell_entry, minivault_11,
          minmay_gold_behind_fungi, infiniplex_staircase_zigzag_5, uniq_jory,
          uniq_frederick
Dis:2:    nicolae_dis_strange_trophy_room
Dis:3:    grunt_dis_stairs_iron_hall
Dis:6:    hangedman_dis_decor_tower, hangedman_dis_chains
Dis:7:    dis_hangedman
Tar:1:    lemuel_nasty_fountain, grunt_megastairs_2
Tar:2:    nicolae_tar_cuneiform_not
Tar:7:    tar_minmay_river
Abyss:5:  hangedman_relentless_pull, evilmike_abyss_rune_siren_acolytes,
          evilmike_abyss_exit_7, kilobyte_mutagenic_chamber
Zig:6:    ziggurat_pillar_centre_c
Zig:8:    ziggurat_pillar_centre_oklobs, ziggurat_pillar_centre_dead_trees
WizLab:   wizlab_demon

Skill      XL: |  1  2  3  4  5  6  7  8  9 10 11 12 13 14 15 16 17 18 19 20 21 22 23 24 25 26 27 |
---------------+----------------------------------------------------------------------------------+-----
Axes           | 3 4 6 7 8 9 11 12 14 15 16 17 19 20 22 24 25 27 | 27.0
Shields        | 4 6 8 9 12 14 15 17 18 | 18.2
Fighting       | 4 5 7 9 10 11 12 13 15 16 18 19 23 | 23.3
Evocations     | 3 4 |  4.7
Dodging        | 1 3 4 6 8 9 10 12 13 18 | 18.2
Armour         | 4 9 12 13 15 16 18 19 | 19.4
Throwing       | 12 | 12.0
Spellcasting   | 6 |  6.0
Charms         | 12 | 12.6
Necromancy     | 11 | 11.5
Translocations | 2 |  2.4

Action                   |  1- 3 |  4- 6 |  7- 9 | 10-12 | 13-15 | 16-18 | 19-21 | 22-24 | 25-27 || total
-------------------------+-------+-------+-------+-------+-------+-------+-------+-------+-------++-------
Melee: War axe           |    77 |   176 |   146 |       |       |       |       |       |       ||   399
       Battleaxe         |       |       |   114 |   496 |  1001 |  1362 |       |       |       ||  2973
       Flail             |       |       |       |       |    25 |       |       |       |       ||    25
       Executioner's axe |       |       |       |       |       |   141 |   868 |  1161 |  2252 ||  4422
Throw: Throwing net      |       |       |       |       |       |     3 |     5 |       |     4 ||    12
 Cast: Regeneration      |       |       |       |       |       |       |       |       |    13 ||    13
Invok: Sacrifice Drink   |       |       |     1 |       |       |       |       |       |       ||     1
       Sacrifice Stealth |       |       |       |     1 |       |       |       |       |       ||     1
       Draw Out Power    |       |       |       |     1 |     5 |    12 |    16 |     8 |    40 ||    82
       Sacrifice Arcana  |       |       |       |     1 |       |       |       |       |       ||     1
       Reject Sacrifices |       |       |       |       |     2 |     1 |       |       |       ||     3
       Sacrifice Love    |       |       |       |       |     1 |       |       |       |       ||     1
       Power Leap        |       |       |       |       |     2 |     1 |       |     2 |     3 ||     8
       Apocalypse        |       |       |       |       |     1 |       |     1 |     1 |    10 ||    13
       Sacrifice Words   |       |       |       |       |     1 |       |       |       |       ||     1
       Sacrifice Purity  |       |       |       |       |       |       |     1 |       |       ||     1
       Sacrifice Essence |       |       |       |       |       |       |     1 |       |       ||     1
 Abil: Dig               |     2 |    13 |     7 |    23 |    23 |    27 |    37 |       |     3 ||   135
       Shaft Self        |       |     1 |       |     3 |     3 |     6 |     5 |     2 |    13 ||    33
Evoke: Wand              |       |       |       |     5 |     1 |     1 |       |     1 |       ||     8
       Lightning rod     |       |       |       |       |       |       |       |     1 |       ||     1
       Figurine of a zig |       |       |       |       |       |       |       |       |     1 ||     1
  Use: Potion            |       |     2 |       |     5 |       |     2 |     1 |     1 |    11 ||    22
       Scroll            |       |       |       |       |    10 |    21 |     3 |    12 |    21 ||    67
 Stab: Paralysed         |       |       |       |     7 |     1 |     5 |     4 |     5 |    11 ||    33
       Distracted        |       |       |       |     1 |     8 |    14 |     9 |     9 |    22 ||    63
       Invisible         |       |       |       |       |     2 |     9 |     9 |    13 |    22 ||    55
       Held in net/web   |       |       |       |       |       |     4 |     1 |       |     2 ||     7
       Confused          |       |       |       |       |       |       |       |     1 |       ||     1
  Eat: Chunk             |       |     5 |    11 |    15 |    24 |    26 |    12 |    14 |    12 ||   119
       Fruit             |       |     1 |     1 |       |       |     1 |     2 |     1 |     2 ||     8
       Royal jelly       |       |       |       |       |       |     1 |     1 |     1 |     2 ||     5
       Bread ration      |       |       |       |       |       |       |     1 |       |     5 ||     6
Armor: Scale mail        |    41 |    59 |       |       |       |       |       |       |       ||   100
       Plate armour      |       |    45 |   100 |   215 |    44 |       |       |       |       ||   404
       Skin              |       |       |       |    15 |       |       |       |       |       ||    15
       Chain mail        |       |       |       |       |   291 |   297 |       |       |       ||   588
       Crystal plate arm |       |       |       |       |       |    44 |   239 |    35 |       ||   318
       Gold dragon scale |       |       |       |       |       |       |       |   245 |   554 ||   799
Dodge: Dodged            |    23 |    32 |    42 |   125 |   268 |   282 |   194 |   159 |   669 ||  1794
Block: Shield            |    38 |   108 |   113 |   294 |    47 |       |       |       |       ||   600
       Large shield      |       |       |       |       |   836 |  1117 |   783 |   780 |  1997 ||  5513
